 Dungeon Crawl Stone Soup version 0.30-a0-49-g1cef19eb02 (webtiles) character file.

Game seed: 2018301028375792116

4717 Newt the Skirmisher (level 10, -10/76 HPs)
             Began as a Demonspawn Gladiator on Sept 2, 2022.
             Was an Initiate of Lugonu.
             Mangled by a hornet (15 damage)
             ... on level 9 of the Dungeon.
             The game lasted 00:16:13 (11955 turns).

Newt the Skirmisher (Demonspawn Gladiator)         Turns: 11955, Time: 00:16:13

Health: -10/76     AC: 13    Str: 23    XL:     10   Next: 22%
Magic:  0/10       EV: 17    Int:  9    God:    Lugonu [......]
Gold:   303        SH:  0    Dex: 31    Spells: 9/9 levels left

rFire   . . .      SeeInvis .    b - +0 sling
rCold   . . .      Faith    .    (no shield)
rNeg    . . .      Spirit   +    F - +0 steam dragon scales
rPois   .          Reflect  .    c - +0 helmet
rElec   .          Harm     .    r - +1 cloak {Will+}
rCorr   .          Rampage  .    A - +0 pair of gloves of Qeippice {Contam Str+8 Slay+2 Stlth+}
Will    +....                    y - +0 pair of boots
Stlth   ++++......               (no amulet)
HPRegen 0.22/turn                f - +6 ring of dexterity
MPRegen 0.24/turn                i - +6 ring of dexterity

@: lethally poisoned (-10 -> -12), slowed, very slow
A: claws 2, icy blue scales 1, magic shield, magic regeneration
a: Renounce Religion


You were on level 9 of the Dungeon.
You worshipped Lugonu.
Lugonu was noncommittal.
You visited 2 branches of the dungeon, and saw 10 of its levels.
You visited the Abyss 1 time.

You collected 744 gold pieces.
You spent 363 gold pieces at shops.
You paid 78 gold pieces to Gozag.

Inventory:

Hand Weapons
 a - a +0 rapier
 b - a +0 sling (weapon)
Missiles
 e - 7 javelins
Armour
 c - a +0 helmet (worn)
 h - a +0 cloak
 l - a +0 leather armour
 r - a +1 cloak of willpower (worn)
 u - a +0 chain mail of poison resistance
 w - a +2 ring mail of positive energy
 y - a +0 pair of boots (worn)
 A - the +0 pair of gloves of Qeippice (worn) {Contam Str+8 Slay+2 Stlth+}
   (You bought it in a shop on level 8 of the Dungeon)

   Str:       It affects your strength (+8).
   Slay:      It affects your accuracy & damage with ranged weapons and melee
   (+2).
   Contam:    It causes magical contamination when unequipped.
   Stlth:     It makes you more stealthy.
 F - +0 steam dragon scales (worn)
Jewellery
 f - a +6 ring of dexterity (left hand)
 i - a +6 ring of dexterity (right hand)
 p - an amulet of faith
 q - a +6 ring of strength
 B - a ring of positive energy
 C - a ring of magical power
 D - a ring of ice
Wands
 H - a wand of charming (9)
Scrolls
 k - 2 scrolls of vulnerability
 v - 2 scrolls of teleportation
Potions
 g - a potion of magic
 j - a potion of resistance {unknown}
 m - a potion of mutation {unknown}
 n - a potion of might
 o - 5 potions of curing
 s - a potion of cancellation {unknown}
 t - 2 potions of lignification
 x - 3 potions of flight {unknown}
 z - a potion of ambrosia


   Skills:
 - Level 6.0 Fighting
 - Level 2.6 Short Blades
 + Level 8.5 Ranged Weapons
 - Level 1.7 Throwing
 - Level 4.0 Armour
 - Level 5.0 Dodging
 - Level 2.0 Stealth
 - Level 5.0 Translocations
 - Level 5.0 Evocations


You had 9 spell levels left.
You didn't know any spells.
Your spell library contained the following spells:

 Spells                   Type           Power      Damage    Failure   Level
 Ignite Poison            Fire/Tmut/Pois 0%         N/A       77%         3
 Mephitic Cloud           Conj/Pois/Air  0%         N/A       77%         3
 Freezing Cloud           Conj/Ice/Air   0%         6-21      100%        5
 Dispersal                Tloc           4%         N/A       100%        6
 Disjunction              Tloc           4%         N/A       100%        8


Dungeon Overview and Level Annotations

Branches:
Dungeon (9/15)             Temple (1/1) D:6
   Lair: D:8-11         Orc: D:9-12

Altars:
Ashenzari
Cheibriados
Dithmenos
Fedhas
Gozag
Hepliaklqana
Kikubaaqudgha
Makhleb
Nemelex Xobeh
Okawaru
Qazlal
Ru
Sif Muna
Trog
Uskayaw
Wu Jian
Xom
Yredelemnul

Shops:
D:8 [

Annotations:
D:6 2 transporters, petzl's ghost, amateur FoAM
D:9 Erica


Innate Abilities, Weirdness & Mutations

You have very sharp fingernails.
You are partially covered in icy blue scales. (AC +2)
When hurt, damage is shared between your health and your magic reserves.
You regenerate magic rapidly.


Message History

Press: ? - help, Shift-Dir - straight line, p - hornet The roots erupt in riotous growth!
Roots grab the hornet.
The now-empty wand crumbles to dust.
The grasping roots constrict the hornet!
You feel very sick. The hornet stings you.
* * * LOW HITPOINT WARNING * * *
You feel as though you will be slow longer.
The hornet closely misses you. The hornet completely misses you.
The hornet misses you.
Unknown command.
You feel yourself speed up.
The grasping roots constrict the hornet!
You feel very sick.
The hornet struggles to escape constriction. x2
The hornet rages.
The hornet struggles to escape constriction.
The grasping roots constrict the hornet!
You feel sick.
The roots release their grip on the hornet.
Fire: b) +0 sling
Press: ? - help, Shift-Dir - straight line, f - hornet
Aim: a hornet (heavily wounded, berserk, incited by Gozag, 63% to hit)
You shoot a sling bullet. The sling bullet hits the hornet.
The hornet is severely wounded.
You feel sick. The hornet stings you.
* * * LOW HITPOINT WARNING * * *
You feel yourself slow down.
The hornet stings you but does no damage.
Fire: b) +0 sling
Press: ? - help, Shift-Dir - straight line, f/p - hornet
Aim: a hornet (severely wounded, berserk, incited by Gozag, 63% to hit)
You shoot a sling bullet.
The sling bullet closely misses the hornet.
You feel sick. The hornet stings you!
* * * LOW HITPOINT WARNING * * *
You feel as though you will be slow longer.
The hornet stings you!!
You die...

#.....'.## #......
#.....### #......
##'#### #...... #..#
#...... ##.###
##+#### #...# ###.#
########
#######'#####.......
#..@y......##.......
#..........##.......
#...>.......#.......
#...........#.......
#...................
#..........##.......
#####+##############
# #


You could see a hornet (berserk, incited).

Vanquished Creatures
  A cyclops (D:8)
  Maurice (D:8)
  Psyche (D:8)
  Grinder (D:5)
  Grum (D:8)
  Edmund (D:5)
  2 water moccasins
  2 ice beasts
  A sky beast (D:7)
  3 wolves (D:7)
  An ogre (D:7)
  A centaur (D:6)
  2 phantoms (D:5)
  4 kobold brigands
  5 bullfrogs
  A necrophage (D:8)
  A scorpion (D:4)
  A wight (D:8)
  A killer bee (D:8)
  A howler monkey (D:3)
  2 hounds
  A jelly (D:8)
  3 orc priests
  Crazy Yiuf (D:2)
  A gnoll bouda (D:5)
  2 iguanas
  2 orc wizards
  7 gnolls
  8 adders
  A shadow imp (D:8)
  A white imp (D:5)
  2 ufetubi
  A dart slug (D:4)
  14 orcs
  6 endoplasms
  A giant cockroach (D:4)
  7 goblins
  2 hobgoblins
  5 jackals
  20 kobolds
  2 quokkas
  7 ball pythons
  6 bats
  2 frilled lizards
  6 rats
142 creatures vanquished.

Vanquished Creatures (collateral kills)
  Joseph (D:8)
  Maggie (D:7)
  A steam dragon (D:9)
  A centaur (D:9)
  A bullfrog (D:7)
  A howler monkey (D:7)
  A kobold (D:8)
7 creatures vanquished.

Vanquished Creatures (others)
  4 fungi (D:2)
  14 plants
18 creatures vanquished.

Grand Total: 167 creatures vanquished

Notes
Turn   | Place    | Note
-------+----------+-------------------------------------------
     0 | D:1      | Newt the Demonspawn Gladiator began the quest for the Orb.
     0 | D:1      | Reached XP level 1. HP: 16/16 MP: 1/1
    76 | D:1      | Reached skill level 1 in Stealth
   263 | D:1      | Gained mutation: You regenerate magic rapidly. [demonic
                  | ancestry]
   263 | D:1      | Reached XP level 2. HP: 19/22 MP: 2/2
   964 | D:1      | Reached XP level 3. HP: 10/28 MP: 3/3
  1778 | D:2      | Gained mutation: When hurt, damage is shared between your
                  | health and your magic reserves. [demonic ancestry]
  1778 | D:2      | Reached XP level 4. HP: 37/37 MP: 4/4
  1790 | D:2      | Found a faded altar of an unknown god.
  1843 | D:2      | Reached skill level 1 in Ranged Weapons
  2077 | D:2      | Found a runed translucent door.
  2078 | D:2      | Noticed Crazy Yiuf
  2311 | D:2      | Killed Crazy Yiuf
  2771 | D:3      | Reached skill level 2 in Ranged Weapons
  2771 | D:3      | Reached XP level 5. HP: 42/42 MP: 5/5
  3477 | D:4      | Reached skill level 3 in Ranged Weapons
  3767 | D:4      | HP: 2/42 [orc priest/divine providence (13)]
  3789 | D:4      | Reached XP level 6. HP: 42/48 MP: 3/6
  4284 | D:4      | Reached skill level 4 in Ranged Weapons
  4324 | D:5      | Entered Level 5 of the Dungeon
  4450 | D:5      | Noticed Grinder
  4456 | D:5      | Killed Grinder
  4457 | D:5      | Reached skill level 5 in Ranged Weapons
  4457 | D:5      | Gained mutation: You are partially covered in icy blue
                  | scales. (AC +2) [demonic ancestry]
  4457 | D:5      | Reached XP level 7. HP: 45/54 MP: 7/7
  4466 | D:5      | Reached skill level 6 in Ranged Weapons
  4485 | D:5      | Reached skill level 1 in Armour
  4693 | D:5      | Noticed Edmund
  4742 | D:5      | Killed Edmund
  5643 | D:5      | Gained mutation: You have sharp fingernails. [demonic
                  | ancestry]
  5643 | D:5      | Reached XP level 8. HP: 52/60 MP: 6/8
  6008 | D:6      | Found a shimmering altar of Xom.
  6061 | D:6      | Found an opulent altar of Gozag.
  6088 | D:6      | Found a transporter.
  6093 | D:6      | Found a transporter.
  6093 | D:6      | Noticed a hornet
  6094 | D:6      | Noticed petzl's ghost (amateur FoAM)
  6237 | D:6      | Found an ornate altar of the Wu Jian Council.
  6238 | D:6      | Found a hide-covered altar of Uskayaw.
  6239 | D:6      | Found a blossoming altar of Fedhas.
  6240 | D:6      | Found a sacrificial altar of Ru.
  6282 | D:6      | Found a staircase to the Ecumenical Temple.
  6300 | Temple   | Entered the Ecumenical Temple
  6569 | D:6      | Became a worshipper of Gozag Ym Sagoz the Greedy
  7024 | D:7      | Noticed Maggie
  7047 | D:7      | Killed Maggie
  7048 | D:7      | Reached skill level 5 in Dodging
  7560 | D:7      | Reached skill level 5 in Evocations
  7667 | D:7      | Reached XP level 9. HP: 61/65 MP: 9/9
  8156 | D:8      | Noticed a cyclops
  8393 | D:8      | Reached skill level 7 in Ranged Weapons
  8410 | D:8      | Noticed Grum
  9138 | D:8      | HP: 3/65 [cyclops/large rock (15)]
  9699 | D:7      | Reached skill level 8 in Ranged Weapons
  9895 | D:8      | Killed a cyclops
 10222 | D:8      | Found Moeckame's Antique Armour Emporium.
 10232 | D:8      | Bought a glowing ring mail for 154 gold pieces
 10232 | D:8      | Bought a pair of heavily runed gloves for 209 gold pieces
 10232 | D:8      | Identified the +0 pair of gloves of Qeippice {Contam Str+8
                  | Slay+2 Stlth+} (You bought it in a shop on level 8 of the
                  | Dungeon)
 10256 | D:8      | Found a hazy altar of Hepliaklqana.
 10411 | D:8      | Found a burning altar of Makhleb.
 10419 | D:8      | Noticed Psyche
 10423 | Abyss:2  | Found a corrupted altar of Lugonu.
 10423 | Abyss:2  | Cast into level 2 of the Abyss (Psyche)
 10428 | Abyss:2  | Noticed a smoke demon
 10433 | Abyss:2  | Fell from the grace of Gozag
 10433 | Abyss:2  | Became a worshipper of Lugonu the Unformed
 10433 | Abyss:2  | Reached * piety under Lugonu
 10434 | D:8      | Escaped the Abyss
 10449 | D:8      | Killed Psyche
 10455 | D:8      | Killed Grum
 10456 | D:8      | Reached skill level 5 in Translocations
 10638 | D:8      | Noticed Maurice
 10643 | D:8      | Killed Maurice
 10644 | D:8      | Reached skill level 5 in Fighting
 10644 | D:8      | Gained mutation: You have very sharp fingernails. [demonic
                  | ancestry]
 10644 | D:8      | Reached XP level 10. HP: 74/74 MP: 10/10
 10778 | D:8      | Noticed Joseph
 10798 | D:8      | Killed Joseph
 11134 | D:9      | Found an iron altar of Okawaru.
 11175 | D:9      | Noticed Erica
 11882 | D:9      | Found an ancient bone altar of Kikubaaqudgha.
 11915 | D:9      | Paralysed by a hornet for 2 turns
 11955 | D:9      | Mangled by a hornet

Illustrated notes

Levels and vault maps discovered:
D:1:      moated_graveyard_arrival, layout_loops_ring
D:2:      layout_loops_ring, shapermc_ecumenical_altar_mp_ritualfount,
          uniq_crazy_yiuf_cottage
D:3:      layout_loops_ring
D:4:      layout_basic, st_stairs_7, serial_bayou_ford_a, abandoned_shop
D:5:      layout_basic, uniq_grinder, uniq_edmund
D:6:      layout_loops_ring, mainiacjoe_overflow_catwalk,
          chequers_temple_overflow_statue_of_worship, overflow_temple_1_default,
          minmay_temple_entry_sparse_star, gammafunk_ghost_hive,
          chequers_serial_rivers_micro_a
D:7:      layout_loops_ring, uniq_maggie
D:8:      layout_cave_pools, kennysheep_little_box,
          mainiacjoe_overflow_24_doors, serial_shops, shop,
          minmay_chambers_of_fives, uniq_grum, uniq_joseph, uniq_maurice,
          uniq_psyche
D:9:      layout_roguey, mainiacjoe_overflow_brackets,
          mainiacjoe_overflow_six_doors_small, okawaru_ov_weapons_minmay,
          grunt_ministairs_5, uniq_erica, uniq_amaemon
Temple:   grunt_temple_mini_profane

Skill      XL: |  1  2  3  4  5  6  7  8  9 10 |
---------------+-------------------------------+-----
Stealth        | 1 2 |  2.0
Fighting       | 3 4 5 6 |  6.0
Ranged Weapons | 2 3 5 6 8 |  8.5
Armour         | 4 |  4.0
Dodging        | 3 5 |  5.0
Evocations     | 5 |  5.0
Translocations | 5 |  5.0
Short Blades   | |  2.6
Throwing       | |  1.7

Action                   |  1- 3 |  4- 6 |  7- 9 | 10-12 || total
-------------------------+-------+-------+-------+-------++-------
Melee: Rapier            |    48 |       |       |       ||    48
       Sling             |       |       |     2 |       ||     2
 Fire: Sling             |    41 |   160 |   384 |    62 ||   647
Throw: Throwing net      |     1 |     2 |     3 |       ||     6
Invok: Depart the Abyss  |       |       |     1 |       ||     1
Evoke: Wand              |       |     1 |     4 |     9 ||    14
  Use: Scroll            |     2 |    10 |     6 |     4 ||    22
       Potion            |       |     3 |     4 |     3 ||    10
 Stab: Sleeping          |     4 |       |       |       ||     4
Armor: Leather armour    |    18 |    18 |    32 |       ||    68
       Skin              |       |    11 |     1 |       ||    12
       Steam dragon scal |       |       |    58 |    31 ||    89
Dodge: Dodged            |    60 |    48 |   267 |    80 ||   455

Table legend: (Time is in decaauts)
 A = Elapsed time spent in this place.
 B = Non-inter-level travel time spent in this place.
 C = Inter-level travel time spent in this place.
 D = Time resting spent in this place.
 E = Time spent auto-exploring this place.
 F = Levels seen in this place.
 G = Mean time per level.
                   A        B        C        D        E       F      G
               +--------+--------+--------+--------+--------+-----+--------+
         Total |  12095 |  11648 |    447 |   3343 |   6694 |  11 | 1099.5 |
       Dungeon |  11873 |  11464 |    409 |   3343 |   6523 |   9 | 1319.2 |
        Temple |    211 |    173 |     38 |      0 |    171 |   1 |  211.0 |
         Abyss |     10 |     10 |      0 |      0 |      0 |   1 |   10.0 |
               +--------+--------+--------+--------+--------+-----+--------+

Top non-repeatable levels by time:
     D:7: 2695 daAuts
     D:8: 1801 daAuts
     D:5: 1681 daAuts
     D:1: 1359 daAuts
     D:2: 1198 daAuts
     D:4: 1072 daAuts
     D:6: 826 daAuts
     D:3: 768 daAuts
     D:9: 468 daAuts
  Temple: 211 daAuts
 Abyss:2: 10 daAuts
